 Dungeon Crawl Stone Soup version 0.28-a0-8-g6e044cfa68 (webtiles) character file.

Game seed: 2745701616960568825

70 Zonian the Ogre Mage (level 4, -1/41 HPs)
             Began as an Ogre Hedge Wizard on July 24, 2021.
             Killed from afar by an orc wizard (6 damage)
             ... with a magic dart
             ... on level 3 of the Dungeon.
             The game lasted 00:06:05 (4652 turns).

Zonian the Ogre Mage (Ogre Hedge Wizard)            Turns: 4652, Time: 00:06:06

Health: -1/41      AC:  4    Str: 14    XL:     4   Next: 22%
Magic:  10/10      EV: 10    Int: 15    God:
Gold:   53         SH:  0    Dex:  9    Spells: 11/12 levels left

rFire   . . .      SeeInvis .   f - +0 whip
rCold   . . .      Faith    .   (no shield)
rNeg    . . .      Spirit   .   b - +0 robe
rPois   .          Reflect  .   c - +0 hat
rElec   .          Harm     .   o - +0 cloak
rCorr   .          Rampage  .   (gloves unavailable)
Will    +....                   (boots unavailable)
Stlth   ++........              (no amulet)
HPRegen 0.13/turn               g - ring of willpower
MPRegen 0.12/turn               (no ring)

@: very slightly contaminated, invisible
A: large, unfitting armour, tough skin 1
a: no special abilities


You were on level 3 of the Dungeon.
You visited 1 branch of the dungeon, and saw 3 of its levels.

You collected 53 gold pieces.

Inventory:

Hand Weapons
 a - a +0 dagger
 f - a +0 whip (weapon)
Armour
 b - a +0 robe (worn)
 c - a +0 hat (worn)
 o - a +0 cloak (worn)
Jewellery
 g - a ring of willpower (left hand)
Scrolls
 d - 2 scrolls of identify {unknown}
 h - a scroll of noise {unknown}
 i - a scroll of brand weapon {unknown}
 k - a scroll of magic mapping {unknown}
 m - a scroll of fear {unknown}
 n - a scroll of teleportation {unknown}
Potions
 e - a potion of magic
 j - a potion of curing {unknown}
 l - a potion of invisibility


   Skills:
 + Level 1.1 Fighting
 + Level 0.5 Maces & Flails
 + Level 2.4 Dodging
 + Level 1.7 Stealth
 + Level 4.5 Spellcasting
 + Level 1.2 Conjurations
 - Level 0.8 Summonings
 - Level 0.8 Translocations


You had 11 spell levels left.
You knew the following spells:

 Your Spells              Type           Power      Damage    Failure   Level
a - Magic Dart            Conj           28%        1d4       11%         1

Your spell library contained the following spells:

 Spells                   Type           Power      Damage    Failure   Level
 Summon Small Mammal      Summ           20%        N/A       12%         1
 Blink                    Tloc           N/A        N/A       19%         2
 Call Imp                 Summ           5%         N/A       19%         2
 Slow                     Hex            3%         N/A       26%         2
 Call Canine Familiar     Summ           5%         N/A       36%         3
 Conjure Flame            Conj/Fire      5%         6-21      36%         3
 Dazzling Flash           Conj/Hex       10%        N/A       36%         3
 Mephitic Cloud           Conj/Pois/Air  4%         N/A       41%         3
 Summon Guardian Golem    Hex/Summ       4%         N/A       41%         3
 Agony                    Necr           3%         N/A       99%         5
 Silence                  Hex/Air        1%         N/A       99%         5


Dungeon Overview and Level Annotations

Branches:
Dungeon (3/15)

Altars:

Shops:
D:2 [


Innate Abilities, Weirdness & Mutations

You are too large for most types of armour.
You have tough skin. (AC +1)


Message History

The orc is almost dead.
The orc misses you.
You hit the orc.
You kill the orc!
The magic dart hits something.
Something hits you but does no damage.
The magic dart hits something.
Something hits you.
The magic dart hits something.
Something hits you but does no damage.
Unknown command.
The magic dart hits something.
Something hits you but does no damage.
The magic dart hits something.
Something hits you but does no damage.
Unknown command.
You completely miss something. Something hits you but does no damage.
You miss something. Something hits you. x2
You hit something but do no damage. Something hits you.
You closely miss something. Something hits you but does no damage.
You miss something. Something hits you.
You are too injured to fight recklessly!
You are too injured to fight recklessly!
Unknown command.
You barely miss something.
You hear some strange, mumbled words.
A puff of flame appears from out of thin air!
The puff of flame hits you!
* * * LOW HITPOINT WARNING * * *
You miss something. Something hits you.
* * * LOW HITPOINT WARNING * * *
Unknown command.
It was a potion of magic.
Magic courses through your body. Something hits you.
* * * LOW HITPOINT WARNING * * *
It was a potion of invisibility.
You fade into invisibility!
Something hits you but does no damage.
You are very lightly contaminated with residual magic.
An orc wizard appears from thin air!
Reactivating autopickup.
The orc wizard points at the orc and mumbles some strange words.
The orc resists with significant effort.
The orc wizard gestures at something while chanting.
The magic dart hits you.
You die...

..................#
...........o.o......
....................
....................
.........)..........
.....†..............
....................
.......................
...........@............
........................#
......................#
......................#
......................#
......................#
.........)............#
.....................#
....................#


You could see an orc wizard and an orc (wandering).

Vanquished Creatures
  An adder (D:2)
  A worm (D:2)
  2 dart slugs
  An orc (D:3)
  6 ball pythons
  3 bats
  3 endoplasms (D:1)
  4 giant cockroaches
  4 goblins
  4 hobgoblins
  4 jackals (D:3)
  7 kobolds
  A quokka (D:2)
  2 frilled lizards
  5 rats
48 creatures vanquished.

Vanquished Creatures (others)
  5 toadstools (D:1)
5 creatures vanquished.

Grand Total: 53 creatures vanquished

Notes
Turn   | Place    | Note
-------+----------+-------------------------------------------
     0 | D:1      | Zonian the Ogre Hedge Wizard began the quest for the Orb.
     0 | D:1      | Reached XP level 1. HP: 16/16 MP: 5/5
   572 | D:1      | Reached skill level 4 in Spellcasting
   651 | D:1      | Reached XP level 2. HP: 23/24 MP: 7/7
  2488 | D:1      | Found a faded altar of an unknown god.
  2619 | D:2      | Reached XP level 3. HP: 31/31 MP: 3/8
  2985 | D:2      | Reached skill level 1 in Conjurations
  3324 | D:2      | Found Itiepnyo's Antique Armour Emporium.
  3764 | D:2      | Reached skill level 1 in Fighting
  4277 | D:3      | Reached XP level 4. HP: 32/41 MP: 6/10
  4624 | D:3      | HP: 2/41 [something (1)]
  4652 | D:3      | Killed from afar by an orc wizard

Illustrated notes

Levels and vault maps discovered:
D:1:      ldierk_walled_garden, layout_loops_ring,
          hellmonk_ecumenical_altar_leap_of_faith, kennysheep_another_room,
          minmay_box_of_dots
D:2:      layout_loops_ring, serial_shops, nicolae_shop_waterfront,
          amcnicky_mini_pool_small
D:3:      minmay_door_path, layout_basic, kennysheep_slug_shrine,
          corner_web_ring, uniq_jessica, uniq_crazy_yiuf_cottage

Skill      XL: |  1  2  3 |
---------------+----------+-----
Spellcasting   | 4 |  4.5
Dodging        | 2 |  2.4
Conjurations   | 1 |  1.2
Fighting       | 1 |  1.1
Maces & Flails | |  0.5
Stealth        | |  1.7
Summonings     | |  0.8
Translocations | |  0.8

Action                   |  1- 3 |  4- 6 || total
-------------------------+-------+-------++-------
Melee: Dagger            |    65 |       ||    65
       Whip              |    27 |    38 ||    65
 Cast: Magic Dart        |    77 |    22 ||    99
  Use: Potion            |       |     2 ||     2
 Stab: Sleeping          |     2 |       ||     2
Armor: Robe              |    30 |    12 ||    42
Dodge: Dodged            |    49 |    14 ||    63

Table legend: (Time is in decaauts)
 A = Elapsed time spent in this place.
 B = Non-inter-level travel time spent in this place.
 C = Inter-level travel time spent in this place.
 D = Time resting spent in this place.
 E = Time spent auto-exploring this place.
 F = Levels seen in this place.
 G = Mean time per level.
                   A        B        C        D        E       F      G
               +--------+--------+--------+--------+--------+-----+--------+
         Total |   4658 |   4617 |     41 |   2123 |   2019 |   3 | 1552.7 |
       Dungeon |   4658 |   4617 |     41 |   2123 |   2019 |   3 | 1552.7 |
               +--------+--------+--------+--------+--------+-----+--------+

Top non-repeatable levels by time:
     D:1: 2587 daAuts
     D:2: 1584 daAuts
     D:3: 485 daAuts
